 Dungeon Crawl Stone Soup version 0.25-a0-310-g60f0ac2d9a (webtiles) character file.

Game seed: 7826656774779827755, levelgen mode: classic

176 Borgoz the Cutter (level 5, -2/32 HPs)
             Began as a Kobold Gladiator on Dec 23, 2019.
             Slain by an orc
             ... wielding a +0 hand axe
              (3 damage)
             ... on level 3 of the Dungeon.
             The game lasted 00:02:49 (1950 turns).

Borgoz the Cutter (Kobold Gladiator)                Turns: 1950, Time: 00:02:49

Health: -2/32      AC:  5    Str: 12    XL:     5   Next: 86%
Magic:  5/5        EV: 17    Int: 10    God:
Gold:   95         SH:  0    Dex: 16    Spells: 4/4 levels left

rFire    . . .     SeeInvis .   h - +0 dagger (venom)
rCold    . . .     Gourm    .   (shield restricted)
rNeg     . . .     Faith    .   b - +0 leather armour
rPois    .         Spirit   .   c - +0 helmet
rElec    .         Reflect  .   q - +0 cloak
rCorr    .         Harm     .   (no gloves)
MR       .....                  (no boots)
Stlth    +.........             (no amulet)
HPRegen  0.10/turn              (no ring)
MPRegen  0.09/turn              (no ring)

@: confused, invisible
A: small, carnivore
a: no special abilities


You were on level 3 of the Dungeon.
You were very full.

You visited 1 branch of the dungeon, and saw 3 of its levels.

You collected 95 gold pieces.

Inventory:

Hand Weapons
 a - a +0 rapier
 h - a +0 dagger of venom (weapon)
Missiles
 d - 3 throwing nets (quivered)
Armour
 b - a +0 leather armour (worn)
 c - a +0 helmet (worn)
 q - a +0 cloak (worn)
Scrolls
 i - a scroll of remove curse
 j - a scroll of random uselessness {unknown}
 k - a scroll of enchant weapon {unknown}
 l - a scroll of immolation {unknown}
 o - 2 scrolls of fog {unknown}
 r - 2 scrolls of amnesia {unknown}
 t - 2 scrolls of identify
 u - a scroll of enchant armour {unknown}
Potions
 e - a potion of invisibility
 g - a potion of haste {unknown}
 m - a potion of mutation {unknown}
 n - a potion of flight {unknown}
 s - a potion of heal wounds {unknown}
Comestibles
 f - 5 rations


   Skills:
 * Level 3.5 Fighting
 * Level 5.2 Short Blades
 - Level 2.1 Throwing
 * Level 1.9 Armour
 * Level 4.8 Dodging


You had 4 spell levels left.
You didn't know any spells.
Your spell library was empty.

Dungeon Overview and Level Annotations

Branches:
Dungeon (3/15)

Altars:
Gozag
Nemelex Xobeh
Xom
Zin


Innate Abilities, Weirdness & Mutations

You are small and have problems with some larger weapons.
You are carnivorous and can eat meat at any time.


Message History

The orc wizard is poisoned.
The orc wizard is lightly wounded.
The orc barely misses you.
You closely miss the orc. The kobold misses you.
The orc wizard hits you but does no damage.
The orc hits you with a +0 hand axe.
You closely miss the orc.
The orc wizard points at you and mumbles some strange words.
The puff of flame hits you!
* * * LOW HITPOINT WARNING * * *
The kobold closely misses you.
You closely miss the kobold.
The kobold is severely wounded.
The orc closely misses you. The kobold hits you.
* * * LOW HITPOINT WARNING * * *
The orc wizard closely misses you.
It was a potion of invisibility.
You fade into invisibility!
The orc hits you with a +0 hand axe.
You die...

........##
###..##..## #..#
##..#### #.#
##....# ...
####.## #
#..#### ##....##
####..# ..#
#.o@#.#
#>...###)oK#...
.......†...##..#
#####..#...# ..#
...#.....# ###
### .##...# #.
#...# #( ..... #
#...##


You could see an orc wizard, an orc and a kobold.

Vanquished Creatures
  An ogre (D:2)
  3 adders (D:2)
  An ooze (D:1)
  4 dart slugs
  A leopard gecko (D:1)
  2 orcs (D:3)
  4 goblins
  7 hobgoblins (D:1)
  3 jackals (D:1)
  7 kobolds
  2 quokkas
  A ball python (D:1)
  7 bats
  5 frilled lizards
  5 rats
53 creatures vanquished.

Notes
Turn   | Place    | Note
-------+----------+-------------------------------------------
     0 | D:1      | Borgoz the Kobold Gladiator began the quest for the Orb.
     0 | D:1      | Reached XP level 1. HP: 12/12 MP: 1/1
   185 | D:1      | Reached XP level 2. HP: 18/18 MP: 2/2
   394 | D:1      | Reached XP level 3. HP: 18/22 MP: 3/3
   667 | D:1      | Reached skill level 1 in Armour
  1389 | D:2      | Reached XP level 4. HP: 25/27 MP: 4/4
  1460 | D:2      | Noticed an ogre
  1494 | D:2      | Killed an ogre
  1494 | D:2      | Reached skill level 5 in Short Blades
  1494 | D:2      | Reached XP level 5. HP: 32/32 MP: 5/5
  1543 | D:2      | Found a sparkling altar of Nemelex Xobeh.
  1713 | D:2      | Found a shimmering altar of Xom.
  1888 | D:3      | Found an opulent altar of Gozag.
  1888 | D:3      | Found a glowing silver altar of Zin.
  1949 | D:3      | HP: 1/32 [kobold (1)]
  1950 | D:3      | Slain by an orc

Levels and vault maps discovered:
D:1:      wander_arrival_lonely_grave, layout_basic, minmay_unequal
D:2:      layout_basic, lemuel_doored_altar, nicolae_overflow_crystal_walls
D:3:      minmay_diamond_boxcup, layout_rooms,
          grunt_temple_overflow_gold_and_silver, lemuel_round_altar

Skill      XL: |  1  2  3  4 |
---------------+-------------+-----
Dodging        | 4 |  4.8
Armour         | 1 |  1.9
Fighting       | 3 |  3.5
Short Blades   | 5 |  5.2
Throwing       | |  2.1

Action                   |  1- 3 |  4- 6 || total
-------------------------+-------+-------++-------
Melee: Rapier            |    74 |       ||    74
       Dagger            |    33 |    72 ||   105
  Use: Scroll            |     2 |       ||     2
       Potion            |       |     1 ||     1
 Stab: Sleeping          |     1 |       ||     1
  Eat: Chunk             |    10 |     1 ||    11
Armor: Leather armour    |    22 |    12 ||    34
Dodge: Dodged            |    58 |    59 ||   117

Table legend:
 A = Non-vault XP
 B = Vault XP
 C = Vault XP percentage of total XP
 D = Non-vault monster count
 E = Vault monster count
 F = Vault count percentage of total count
                 A         B        C        D         E       F
            +---------+---------+-------+---------+---------+-------
      Total |     246 |       6 |   2.4 |      49 |       4 |   7.5
            +---------+---------+-------+---------+---------+-------
        D:1 |      53 |       6 |  10.2 |      25 |       4 |  13.8
        D:2 |     185 |       0 |   0.0 |      21 |       0 |   0.0
        D:3 |       8 |       0 |   0.0 |       3 |       0 |   0.0
            +---------+---------+-------+---------+---------+-------
